 Dungeon Crawl Stone Soup version 0.30-b1-2-g02819fbbbe (webtiles) character file.

Game seed: 10132674687468725234

225552 timruff4 the Executioner (level 18, -6/158 (168) HPs)
             Began as a Minotaur Fighter on Nov 26, 2023.
             Was a Believer of Elyvilon.
             Mangled by a +1 flail of draining (9 damage)
             ... on level 3 of the Elven Halls on Nov 27, 2023.
             The game lasted 02:35:52 (42058 turns).

timruff4 the Executioner (Minotaur Fighter)        Turns: 42058, Time: 02:35:52

HP:   -6/158 (168)  AC: 26    Str: 29    XL:     18   Next: 62%
MP:   27/27         EV: 16    Int:  9    God:    Elyvilon [**....]
Gold: 2329          SH: 15    Dex: 24    Spells: 17/17 levels left

rFire   + + +        F - +6 broad axe of Inconvenience {holy, Str+3 Stlth+}
rCold   + + .        c - +0 buckler
rNeg    . . .        J - +3 plate armour
rPois   +            (helmet restricted)
rElec   +            y - +0 cloak "Nitsimig" {rF++ Dex+2}
rCorr   +            V - +1 pair of gloves of Minor Irritation {rElec Str+2}
SInv    .            b - +0 pair of boots of the Tick {rC+ Str+4}
Will    +++..        L - amulet "Pubeshri" {Reflect Will+ Int+4 Dex+3 SH+5} Stlth
                     v - ring of poison resistance
HPRegen 0.46/turn    p - ring of Surprise {*Slow rF+ Will+ Dex+2 Stlth+}
MPRegen 0.20/turn

%: slow self (1%), reflection
@: resistant, slowed, drained, very slow
A: horns 2, retaliatory headbutt, deterioration 1, weak 1, inability to read
after injury 1
}: 1/15 runes: barnacled
a: Renounce Religion, Purification, Heal Other


You were on level 3 of the Elven Halls.
You worshipped Elyvilon.
Elyvilon was pleased with you.
You visited 9 branches of the dungeon, and saw 35 of its levels.
You visited the Abyss 1 time.
You visited 1 bazaar.

You collected 2675 gold pieces.
You spent 346 gold pieces at shops.

Inventory:

Hand Weapons
 B - a +7 heavy war axe
 F - the +6 broad axe of Inconvenience (weapon) {holy, Str+3 Stlth+}
   (You found it on level 8 of the Dungeon)

   Str:       It affects your strength (+3).
   Stlth:     It makes you more stealthy.
Missiles
 j - a throwing net (quivered)
Armour
 b - the +0 pair of boots of the Tick (worn) {rC+ Str+4}
   (You found it on level 14 of the Dungeon)

   Str:       It affects your strength (+4).
   rC:        It protects you from cold.
 c - a +0 buckler (worn)
 y - the +0 cloak "Nitsimig" (worn) {rF++ Dex+2}
   (You acquired it on level 5 of the Lair of Beasts)

   Dex:       It affects your dexterity (+2).
   rF:        It greatly protects you from fire.
 J - a +3 plate armour (worn)
 V - the +1 pair of gloves of Minor Irritation (worn) {rElec Str+2}
   (You bought it in a shop in a bazaar)

   Str:       It affects your strength (+2).
   rElec:     It insulates you from electricity.
 X - a scarf of repulsion
Jewellery
 e - a +5 ring of evasion
 g - an amulet of reflection
 n - an amulet of the acrobat
 p - the ring of Surprise (right hand) {*Slow rF+ Will+ Dex+2 Stlth+}
   (You found it on level 2 of the Orcish Mines)

   [ring of willpower]

   Dex:       It affects your dexterity (+2).
   rF:        It protects you from fire.
   *Slow:     It may slow you when you take damage.
   Will:      It increases your willpower.
   Stlth:     It makes you more stealthy.
 s - a +6 ring of intelligence
 t - a +5 ring of evasion
 v - a ring of poison resistance (left hand)
 w - an amulet of magic regeneration
 A - an amulet of faith
 C - a ring of fire
 D - a ring of willpower
 L - the amulet "Pubeshri" (around neck) {Reflect Will+ Int+4 Dex+3 SH+5}
   (You found it on level 10 of the Dungeon)

   [amulet of reflection]

   It reflects blocked missile attacks.
   Int:       It affects your intelligence (+4).
   Dex:       It affects your dexterity (+3).
   SH:        It affects your SH (+5).
   Will:      It increases your willpower.
 M - a ring of magical power
 N - a ring of willpower
 P - an amulet of guardian spirit
 Q - a ring of positive energy
Wands
 G - a wand of paralysis (25)
 O - a wand of digging (5)
 T - a wand of flame (18)
 Z - a wand of roots (3)
Scrolls
 a - 11 scrolls of identify
 f - 2 scrolls of amnesia
 i - a scroll of enchant weapon
 u - 5 scrolls of teleportation
 z - 2 scrolls of summoning
 H - 4 scrolls of fog
 I - 6 scrolls of magic mapping
 W - a scroll of fear
Potions
 d - a potion of invisibility
 h - a potion of heal wounds
 k - 6 potions of flight
 l - a potion of ambrosia
 m - 7 potions of curing
 o - 5 potions of haste
 r - 6 potions of brilliance
 E - 4 potions of cancellation
 K - 4 potions of might
Miscellaneous
 U - a piece from Xom's chessboard (15/15)


   Skills:
 + Level 16.6 Fighting
 * Level 22.4 Axes
 + Level 16.7 Armour
 + Level 10.9 Dodging
 + Level 16.6 Shields
 + Level 13.8 Invocations


You had 17 spell levels left.
You didn't know any spells.
Your spell library contained the following spells:

 Spells                   Type           Power      Damage    Failure   Level
 Sting                    Tmut/Pois      0%         1d3       92%         1
 Blink                    Tloc           0%         N/A       98%         2
 Ensorcelled Hibernation  Hex/Ice        0%         N/A       98%         2
 Lesser Beckoning         Tloc           0%         N/A       98%         2
 Momentum Strike          Conj/Tloc      0%         3d8       98%         2
 Poisonous Vapours        Pois/Air       0%         N/A       98%         2
 Scorch                   Fire           0%         2d5       98%         2
 Dazzling Flash           Conj/Hex       0%         N/A       100%        3
 Gell's Gravitas          Tloc           0%         N/A       100%        3
 Hailstorm                Conj/Ice       0%         3d3       100%        3
 Inner Flame              Hex/Fire       0%         N/A       100%        3
 Spider Form              Tmut/Pois      0%         N/A       100%        3
 Teleport Other           Tloc           0%         N/A       100%        3
 Anguish                  Hex/Necr       0%         N/A       100%        4
 Animate Armour           Summ/Erth      0%         N/A       100%        4
 Flame Wave               Conj/Fire      0%         2d4       100%        4
 Ice Form                 Ice/Tmut       0%         N/A       100%        4
 Manifold Assault         Tloc           0%         N/A       100%        4
 Olgreb's Toxic Radiance  Pois           0%         N/A       100%        4
 Sticky Flame             Conj/Fire      0%         2d3       100%        4
 Agony                    Necr           0%         N/A       100%        5
 Silence                  Hex/Air        0%         N/A       100%        5
 Dispersal                Tloc           0%         N/A       100%        6
 Simulacrum               Ice/Necr       0%         N/A       100%        6
 Statue Form              Tmut/Erth      0%         N/A       100%        6
 Summon Cactus Giant      Summ           0%         N/A       100%        6
 Storm Form               Tmut/Air       0%         N/A       100%        7
 Maxwell's Capacitive Co  Air            0%         āˆž       100%        8
 Shatter                  Erth           0%         3d5*      100%        9


Dungeon Overview and Level Annotations

Branches:
Dungeon (15/15)            Temple (1/1) D:4            Lair (5/5) D:11
 Shoals (4/4) Lair:3       Spider (1/4) Lair:2        Slime (2/5) Lair:5
    Orc (2/2) D:12            Elf (3/3) Orc:2        Vaults (0/5) D:13
 Depths (2/4) D:15

Altars:
Ashenzari
Cheibriados
Dithmenos
Elyvilon
Fedhas
Gozag
Hepliaklqana
Kikubaaqudgha
Makhleb
Nemelex Xobeh
Okawaru
Qazlal
Ru
Sif Muna
Trog
Uskayaw
Vehumet
Wu Jian
Xom
Yredelemnul
Zin
The Shining One

Shops:
D:12 (   Orc:2 *?[(   Elf:2 ?   Shoals:1 !

Portals:
Hell: Depths:1
Pandemonium: Depths:1 Depths:2

Annotations:
Depths:2 Saint Roka


Innate Abilities, Weirdness & Mutations

You have a pair of horns on your head.
You reflexively headbutt those who attack you in melee.
Your body sometimes deteriorates upon taking damage.
You are weak. (Str -2)
You occasionally lose the ability to read scrolls when taking damage.


Message History

The deep elf master archer is wearing a +3 chain mail of fire resistance.
Found sixteen items.
The +1 flail of draining hits you but does no damage.
You feel drained. The fire elemental misses you.
The deep elf master archer wields a +0 longbow.
The deep elf master archer shoots an arrow.
The arrow barely misses you. The +1 flail of draining hits you!
* * * LOW HITPOINT WARNING * * *
You feel yourself slow down.
You feel drained.
* * * LOW HITPOINT WARNING * * *
You block the fire elemental's attack.
As you read the scroll of fear, it crumbles to dust.
You assume a fearsome visage.
The deep elf master archer looks frightened!
The water elemental is unaffected.
The fire elemental is unaffected.
The +1 flail of draining is unaffected.
The +1 flail of draining barely misses you.
You furiously retaliate!
You headbutt the +1 flail of draining. You block the water elemental's attack.
You block the fire elemental's attack. The +1 flail of draining misses you.
You furiously retaliate!
You headbutt the +1 flail of draining, but do no damage.
The water elemental hits you.
The water elemental engulfs you in water!
You block the fire elemental's attack.
You cannot read scrolls while unable to breathe!
Unknown command.
You cannot read scrolls while unable to breathe!
Unknown command.
The +1 flail of draining attacks as you move away!
The +1 flail of draining hits you.
* * * LOW HITPOINT WARNING * * *
You feel drained.
* * * LOW HITPOINT WARNING * * *
The water elemental attacks as you move away!
You block the water elemental's attack.
You slip free of the water engulfing you.
You gasp with relief as air once again reaches your lungs.
The +1 flail of draining hits you but does no damage.
You feel drained. The +1 flail of draining hits you!
You die...

### ##.###
.....###
..<....#
.......#
.......#
.......#
.......#
##########
.....###
#@E..e...)
##.###
#(Eā—‹|)).|[
###
#:=[.)[/=.
##########


You could see a deep elf master archer (fleeing), a water elemental, a fire
elemental and a +1 flail of draining.

Vanquished Creatures
  the Enchantress (Depths:1)
  2 deep elf blademasters
  An acid blob (Slime:2)
  Polyphemus (Shoals:3)
  Roxanne (Elf:1)
  Donald (Shoals:3)
  A rockslime (Slime:1)
  A fire giant (Depths:2)
  An azure jelly (Slime:1)
  3 deep elf sorcerers
  A frost giant (Depths:1)
  A juggernaut zombie (Depths:1)
  Louise (Shoals:1)
  An orc warlord (Orc:2)
  2 stone giants (Depths:1)
  3 spriggan defenders (Depths:1)
  2 quicksilver oozes (Slime:1)
  The ghost of Frank the Carver, a journeyman DsFi of Hepliaklqana (Orc:2)
  2 deep elf demonologists
  3 very ugly things (Depths:1)
  Azrael (Elf:1)
  3 minotaurs (Shoals:4)
  A merfolk javelineer (Shoals:2)
  4 deep elf death magi (Elf:3)
  3 fire dragons
  3 entropy weavers
  2 ettins
  4 merfolk impalers
  A deep elf high priest (Elf:3)
  4 hydras
  3 rakshasas
  6 centaur warriors
  3 ice dragons
  3 catoblepae
  A spriggan skeleton (Depths:1)
  A spriggan air mage (Depths:1)
  A boulder beetle (Lair:3)
  A jorogumo (Spider:1)
  4 merfolk avatars
  3 death yaks (Shoals:3)
  A tengu warrior (Depths:1)
  22 dancing weapons
  9 satyrs (Shoals:4)
  Urug (Lair:4)
  A vampire mage (Depths:1)
  7 two-headed ogres
  An orc high priest (Orc:2)
  An alligator snapping turtle (Shoals:3)
  A hell knight (Depths:1)
  2 spriggan berserkers (Depths:1)
  19 deep elf knights
  A fire crab (shapeshifter) (D:13)
  A sun demon (Depths:1)
  A shadow wraith (D:15)
  5 skysharks
  A spark wasp zombie (Depths:1)
  An iron troll (D:13)
  2 goliath frogs (Lair:5)
  3 glowing orange brains
  5 deep elf archers
  8 sea snakes
  An orb spider (Spider:1)
  A lindwurm (Lair:3)
  20 deep elf pyromancers
  The ghost of Vorhees the Carver, a novice BaFi (D:6)
  3 harpies (Shoals:4)
  8 cyclopes
  3 necromancers (Depths:1)
  17 ugly things
  21 deep elf zephyrmancers
  18 fauns
  21 manticores
  A moth of wrath (Orc:2)
  2 orc sorcerers
  9 elephants
  A moth of wrath (shapeshifter) (D:15)
  6 black mambas
  5 merfolk sirens
  Maurice (D:13)
  6 water nymphs
  21 cane toads
  An orange demon (Depths:1)
  2 gargoyles (D:13)
  A demonic crawler (Spider:1)
  A hellion (Depths:1)
  A kobold demonologist (D:12)
  8 komodo dragons
  A rime drake (Lair:2)
  An efreet (D:15)
  A yaktaur (Shoals:2)
  21 merfolk
  3 trolls
  A merfolk (shapeshifter) (Elf:2)
  6 wind drakes
  A polar bear (shapeshifter) (Elf:2)
  3 hornets
  A tarantella (Spider:1)
  Prince Ribbit (D:9)
  19 blink frogs
  A tyrant leech (Lair:5)
  4 snapping turtles
  A raiju (shapeshifter) (D:12)
  12 dream sheep
  A centaur simulacrum (D:14)
  6 jumping spiders (Spider:1)
  18 slime creatures
  11 water elementals
  A culicivora (Lair:2)
  4 air elementals
  2 shadows
  A spriggan (Depths:1)
  4 wraiths
  An ettin skeleton (Depths:1)
  72 yaks
  5 fire elementals (Elf:1)
  A vampire (D:9)
  8 wyverns
  3 basilisks
  9 redbacks
  2 golden eyes (shapeshifter) (D:15)
  Menkaure (D:4)
  A steam dragon (D:8)
  2 neqoxecs
  9 vampire mosquitoes
  10 wargs
  A tengu zombie (Depths:1)
  5 acid dragons
  5 hell hounds (Elf:1)
  20 water moccasins
  24 orc warriors
  3 black bears
  2 ice beasts
  13 ogres
  18 centaurs
  3 phantoms
  5 kobold brigands
  2 gnoll sergeants
  3 scorpions
  17 bullfrogs
  3 earth elementals (Elf:1)
  4 wights (D:7)
  A howler monkey (D:4)
  An electric eel (Lair:5)
  22 orc priests
  2 gnoll boudas
  4 hounds
  2 jellies (D:5)
  3 iguanas
  2 sleepcaps
  30 orc wizards
  14 gnolls
  6 adders
  A shadow imp (D:8)
  2 white imps
  An ufetubus (D:5)
  2 dart slugs (D:3)
  95 orcs
  7 endoplasms
  3 giant cockroaches (D:1)
  5 goblins
  9 hobgoblins
  6 quokkas
  5 ball pythons
  2 bats
  7 frilled lizards
  33 kobolds
  3 rats
1000 creatures vanquished.

Vanquished Creatures (others)
  A hydra (Lair:5)
  A deep elf knight (Elf:2)
  A deep elf zephyrmancer (Elf:1)
  A faun (Shoals:1)
  A snapping turtle (Shoals:1)
  2 air elementals (Elf:1)
  2 water elementals (Elf:1)
  34 fungi
  198 plants
  4 toadstools (D:13)
245 creatures vanquished.

Grand Total: 1245 creatures vanquished

Notes
Turn   | Place    | Note
-------+----------+-------------------------------------------
     0 | D:1      | timruff4 the Minotaur Fighter began the quest for the Orb.
     0 | D:1      | Reached XP level 1. HP: 19/19 MP: 0/0
    94 | D:1      | Reached XP level 2. HP: 25/27 MP: 1/1
   363 | D:1      | Reached skill level 3 in Axes
   639 | D:2      | Reached XP level 3. HP: 33/33 MP: 2/2
   798 | D:2      | Found a faded altar of an unknown god.
   820 | D:2      | Prayed at the altar of an unknown god.
   820 | D:2      | Became a worshipper of Elyvilon the Healer
   820 | D:2      | Reached * piety under Elyvilon
  1132 | D:3      | Found a shimmering altar of Xom.
  1250 | D:3      | Reached ** piety under Elyvilon
  1356 | D:3      | Found a snail-covered altar of Cheibriados.
  1461 | D:3      | Reached XP level 4. HP: 40/40 MP: 3/3
  2019 | D:4      | Reached skill level 4 in Axes
  2021 | D:4      | Reached skill level 1 in Invocations
  2021 | D:4      | Reached XP level 5. HP: 44/47 MP: 4/4
  2197 | D:4      | Noticed Menkaure
  2206 | D:4      | Killed Menkaure
  2207 | D:4      | Reached skill level 5 in Axes
  2207 | D:4      | Reached XP level 6. HP: 39/55 MP: 4/6
  2374 | D:4      | Reached skill level 5 in Armour
  2431 | D:4      | Reached skill level 5 in Fighting
  2450 | D:4      | Found a staircase to the Ecumenical Temple.
  2469 | Temple   | Entered the Ecumenical Temple
  2749 | D:4      | Reached skill level 5 in Shields
  3133 | D:4      | Reached XP level 7. HP: 40/61 MP: 7/7
  3495 | D:5      | Entered Level 5 of the Dungeon
  3495 | D:5      | Reached *** piety under Elyvilon
  3640 | D:5      | Reached skill level 6 in Axes
  3659 | D:5      | Elyvilon protects you from harm!
  4449 | D:5      | Reached skill level 7 in Axes
  4449 | D:5      | Reached XP level 8. HP: 64/70 MP: 9/9
  5165 | D:6      | Found a transporter.
  5166 | D:6      | Reached **** piety under Elyvilon
  5168 | D:6      | Noticed Vorhees's ghost (novice BaFi)
  5184 | D:6      | Found a transporter.
  5405 | D:6      | Reached skill level 8 in Axes
  6075 | D:6      | Found a basalt altar of Yredelemnul.
  6172 | D:7      | Reached XP level 9. HP: 77/78 MP: 11/11
  6186 | D:7      | Noticed a two-headed ogre
  6201 | D:7      | Killed a two-headed ogre
  6202 | D:7      | Reached skill level 9 in Axes
  6503 | D:7      | Reached skill level 5 in Invocations
  6774 | D:7      | Reached skill level 10 in Axes
  7383 | D:8      | Noticed a two-headed ogre
  7397 | D:8      | Killed a two-headed ogre
  7398 | D:8      | Reached XP level 10. HP: 51/88 MP: 10/13
  7559 | D:8      | Identified the +6 broad axe of Inconvenience {holy, Str+3
                  | Stlth+}
  7856 | D:8      | Reached skill level 11 in Axes
  8433 | D:9      | Paralysed by a hornet for 3 turns
  8438 | D:9      | Paralysed by a hornet for 3 turns
  8745 | D:9      | Noticed Prince Ribbit
  8750 | D:9      | Killed Prince Ribbit
  8954 | D:10     | Entered Level 10 of the Dungeon
  9005 | D:10     | Found a large runed translucent door.
  9006 | D:10     | Found a large runed translucent door.
  9133 | D:10     | Noticed a two-headed ogre
  9137 | D:10     | Killed a two-headed ogre
  9138 | D:10     | Reached skill level 12 in Axes
  9138 | D:10     | Reached XP level 11. HP: 86/97 MP: 14/14
  9398 | D:10     | Paralysed by a hornet for 2 turns
  9494 | D:10     | Identified the amulet "Pubeshri" {Reflect Will+ Int+4 Dex+3
                  | SH+5}
  9784 | D:10     | Found a bloodstained altar of Trog.
  9873 | D:10     | Found a stormy altar of Qazlal.
  9879 | D:10     | Found a hazy altar of Hepliaklqana.
 10756 | D:6      | Killed Vorhees's ghost
 10952 | Abyss:1  | Cast into level 1 of the Abyss (gnoll sergeant)
 10983 | Abyss:1  | Noticed a glowing orange brain
 10995 | Abyss:1  | Killed a glowing orange brain
 11011 | D:11     | Escaped the Abyss
 11027 | D:11     | Reached skill level 13 in Axes
 11233 | D:11     | Found a staircase to the Lair.
 11241 | D:11     | Reached ***** piety under Elyvilon
 11290 | D:11     | Noticed a two-headed ogre
 11318 | D:11     | Reached skill level 10 in Shields
 11321 | D:11     | Killed a two-headed ogre
 11322 | D:11     | Reached skill level 10 in Armour
 11625 | D:11     | Reached skill level 10 in Fighting
 12095 | D:12     | Noticed a centaur warrior
 12105 | D:12     | Killed a centaur warrior
 12265 | D:12     | Noticed a brown ugly thing
 12275 | D:12     | Killed a brown ugly thing
 12276 | D:12     | Reached XP level 12. HP: 93/106 MP: 16/16
 12542 | D:12     | Found Kaurih's Weapon Boutique.
 12577 | D:12     | Reached skill level 14 in Axes
 12577 | D:12     | Reached XP level 13. HP: 116/116 MP: 16/18
 12612 | D:12     | Reached skill level 15 in Axes
 12698 | D:12     | Found a staircase to the Orcish Mines.
 12832 | D:12     | Noticed a fire dragon
 12858 | D:12     | Killed a fire dragon
 13382 | D:12     | Identified the +10 spear "Nodoe" {antimagic, Str+3}
 14650 | D:13     | Reached skill level 16 in Axes
 14980 | D:13     | Noticed Maurice
 15015 | D:13     | Killed Maurice
 15091 | D:13     | Noticed an ettin
 15110 | D:13     | Killed an ettin
 15299 | D:13     | Found a gate to the Vaults.
 15843 | Lair:1   | Entered Level 1 of the Lair of Beasts
 16305 | Lair:2   | Reached skill level 1 in Dodging
 16351 | Lair:2   | Found a hole to the Spider Nest.
 16579 | Lair:2   | Reached XP level 14. HP: 126/126 MP: 20/20
 16821 | Lair:2   | Reached skill level 10 in Invocations
 17366 | Lair:3   | Reached skill level 17 in Axes
 17394 | Lair:3   | Found a staircase to the Shoals.
 19211 | Lair:4   | Noticed Urug
 19228 | Lair:4   | Killed Urug
 19797 | Lair:5   | Entered Level 5 of the Lair of Beasts
 19865 | Lair:5   | Identified a scroll of acquirement
 19867 | Lair:5   | Acquired the +0 cloak "Nitsimig" {rF++ Dex+2}
 20178 | Lair:5   | Reached skill level 18 in Axes
 20489 | Lair:5   | Reached XP level 15. HP: 127/136 MP: 22/22
 20562 | Lair:5   | Reached skill level 5 in Dodging
 20771 | Lair:5   | Identified the +9 flail "Soiqis" {speed, Will+}
 20997 | Lair:5   | Found a staircase to the Slime Pits.
 21477 | Orc:1    | Entered Level 1 of the Orcish Mines
 21695 | Orc:2    | Entered Level 2 of the Orcish Mines
 22036 | Orc:2    | Found a transporter.
 22039 | Orc:2    | Noticed Frank's ghost (journeyman DsFi)
 22050 | Orc:2    | Found a transporter.
 22050 | Orc:2    | Found a staircase to the Elven Halls.
 22146 | Orc:2    | Killed Frank's ghost
 22187 | Orc:2    | Identified the ring of Surprise {*Slow rF+ Will+ Dex+2
                  | Stlth+}
 22771 | Orc:2    | Found Qon Xicw's Antique Weapon Emporium.
 22777 | Orc:2    | Found Fucempah's Antique Armour Shoppe.
 23024 | Orc:2    | Found Xeurhymu's Assorted Antiques.
 23139 | Orc:2    | Found Ysioxt's Magic Scroll Shop.
 23202 | Elf:1    | Entered Level 1 of the Elven Halls
 23505 | Elf:1    | Noticed Azrael
 23549 | Elf:1    | Killed Azrael
 23555 | Elf:1    | Paralysed by an air elemental for 1 turns
 23560 | Elf:1    | Paralysed by an air elemental for 1 turns
 23921 | Elf:1    | Identified Roxanne's Textbook on Geomancy
 23921 | Elf:1    | Noticed Roxanne
 23938 | Elf:1    | Killed Roxanne
 24727 | Elf:1    | Noticed a deep elf sorcerer
 24737 | Elf:1    | Killed a deep elf sorcerer
 24743 | Elf:1    | Reached skill level 19 in Axes
 24858 | Elf:1    | Noticed a deep elf sorcerer
 24870 | Elf:1    | Killed a deep elf sorcerer
 25236 | Elf:2    | Paralysed by an air elemental for 1 turns
 25270 | Elf:2    | Found Uhasoaz's Magic Scroll Shop.
 25300 | Elf:2    | Bought a scroll of enchant armour for 97 gold pieces
 25890 | Elf:2    | Reached XP level 16. HP: 144/146 MP: 23/23
 26042 | Elf:2    | Found a runed translucent gate.
 26044 | Elf:2    | Found a runed translucent gate.
 26048 | Elf:2    | Found a runed translucent gate.
 26793 | Elf:2    | Noticed a deep elf blademaster
 26813 | Elf:2    | Killed a deep elf blademaster
 27354 | Elf:3    | Entered Level 3 of the Elven Halls
 27658 | Elf:3    | Reached skill level 20 in Axes
 28069 | Elf:3    | Identified the +4 spear "Xiuwkim" {venom, rPois Will+}
 28379 | Elf:3    | Noticed a deep elf blademaster
 28392 | Elf:3    | Killed a deep elf blademaster
 28397 | Elf:3    | Noticed a deep elf master archer
 28401 | Elf:3    | Noticed a Hell Sentinel
 28404 | Elf:3    | Identified the ring "Risuot Ogg" {Ice Str+3 Int+3 Stlth-}
 28404 | Elf:3    | Identified the ring of Peace {rF+ Will++}
 28408 | Elf:3    | Noticed a deep elf blademaster
 28421 | Elf:3    | Reached skill level 15 in Armour
 28846 | Shoals:1 | Entered Level 1 of the Shoals
 28912 | Shoals:1 | Reached skill level 15 in Shields
 28926 | Shoals:1 | Identified the +0 leather armour of Weirdness {Will+ Str+4
                  | Dex-4}
 29023 | Shoals:1 | Reached skill level 15 in Fighting
 29088 | Shoals:1 | Found Sauxt's Distillery.
 29252 | Shoals:1 | Noticed Louise
 29277 | Shoals:1 | Killed Louise
 30982 | Shoals:3 | Reached XP level 17. HP: 156/156 MP: 25/25
 31059 | Shoals:3 | Noticed Donald
 31085 | Shoals:3 | Killed Donald
 31691 | Shoals:3 | Noticed Polyphemus
 31735 | Shoals:3 | Killed Polyphemus
 32481 | Shoals:2 | Found the crystal ball of Wucad Mu {*channel}
 32855 | Shoals:2 | Reached skill level 21 in Axes
 33100 | Shoals:4 | Entered Level 4 of the Shoals
 34784 | Spider:1 | Entered Level 1 of the Spider Nest
 34816 | Spider:1 | HP: 5/158 [disintegration (32)]
 34816 | Spider:1 | Elyvilon protects you from harm!
 35389 | Slime:1  | Entered Level 1 of the Pits of Slime
 35928 | Slime:2  | Noticed an acid blob
 35932 | Slime:2  | Noticed an acid blob
 35934 | Slime:2  | Killed an acid blob
 35938 | Slime:2  | Gained mutation: You are weak. (Str -2) [a shining eye]
 37045 | D:14     | Reached skill level 10 in Dodging
 37266 | D:14     | Found a stormy altar of Qazlal.
 37507 | D:14     | Identified the +0 pair of boots of the Tick {rC+ Str+4}
 37588 | D:15     | Entered Level 15 of the Dungeon
 37746 | D:15     | Found a burning altar of Makhleb.
 37787 | D:15     | Found a blossoming altar of Fedhas.
 37886 | D:15     | Reached XP level 18. HP: 166/166 MP: 26/26
 37946 | D:15     | Found a staircase to the Depths.
 37970 | Depths:1 | Entered Level 1 of the Depths
 37970 | Depths:1 | Found a gateway to Hell.
 38140 | D:15     | Found a flickering gateway to a bazaar.
 38157 | Bazaar   | Entered a bazaar
 38157 | Bazaar   | Found Paohiqog's Armour Boutique.
 38157 | Bazaar   | Found Uzavuf's General Store.
 38157 | Bazaar   | Found Anaut's Book Shop.
 38157 | Bazaar   | Found Caatick's Assorted Antiques.
 38159 | Bazaar   | Found Jotuos Sowk's Magic Scroll Shop.
 38219 | Bazaar   | Bought the +1 pair of gloves of Minor Irritation {rElec
                  | Str+2} for 249 gold pieces
 39117 | Depths:1 | Found a one-way gate leading to the halls of Pandemonium.
 39143 | Depths:1 | Gained mutation: You occasionally lose the ability to read
                  | scrolls when taking damage. [a neqoxec]
 39146 | Depths:1 | Gained mutation: Your body sometimes deteriorates upon
                  | taking damage. [a neqoxec]
 39153 | Depths:1 | Reached skill level 22 in Axes
 39474 | Depths:1 | Noticed the Enchantress
 39508 | Depths:1 | Killed the Enchantress
 39854 | Depths:1 | Found an iron altar of Okawaru.
 40429 | Depths:2 | Noticed Saint Roka
 41180 | Shoals:4 | Got a barnacled rune of Zot
 41338 | Shoals:4 | Got Zebatul's Dissertation on the Xenomorphic Sixfirhy
 42017 | Elf:3    | Identified the staff of poison "Osunoaxosi" {rPois Int+3}
 42053 | Elf:3    | HP: 7/168 [deep elf blademaster/+0 short sword (14)]
 42058 | Elf:3    | HP: 3/161 [+1 flail of draining (3)]
 42058 | Elf:3    | Mangled by a +1 flail of draining

Illustrated notes

Levels and vault maps discovered:
D:1:      dpeg_arrival_refuge, layout_basic
D:2:      layout_rooms, shapermc_ecumenical_altar_venn
D:3:      layout_basic, brannock_xom_greatest_gift,
          mainiacjoe_overflow_cross_hatched
D:4:      layout_loops_ring, minmay_temple_entry_antechambers, serial_forest,
          infiniplex_forest_lined_3_way, infiniplex_forest_corner_1,
          infiniplex_forest_lined_3_way, infiniplex_forest_clump_curved,
          infiniplex_forest_clump_curved, infiniplex_forest_clump_medium,
          minmay_door_square, dreamdust_gnoll_farm, uniq_menkaure
D:5:      layout_layer_cave
D:6:      layout_loops_ring, kennysheep_mini_moat, gammafunk_ghost_arena,
          dk_vineyard_2, minmay_lizard_king
D:7:      layout_loops_ring
D:8:      layout_loops_cross
D:9:      layout_rooms, uniq_prince_ribbit1
D:10:     layout_basic, lightli_temple_of_fire, jmf_multi_god_temple2
D:11:     layout_cave_pods, minmay_lair_entry_grove
D:12:     minmay_the_grid_octo_2x2 [minmay_the_grid_octo_toaster,
          minmay_the_grid_octo_clover_2, minmay_the_grid_octo_77,
          minmay_the_grid_octo_prize_big_c], layout_basic, orc_0_dummy,
          serial_shops, nicolae_shop_tiny_statue_garden, special_room
          [special_room_orc]
D:13:     layout_cave_pods, david_vaults_4, minmay_gold_behind_fungi,
          uniq_maurice
D:14:     layout_rooms, nicolae_qazlal_scattered_showers
D:15:     gammafunk_enter_depths_forms, layout_loops_ring, serial_shops,
          bzr_in_the_mist, fedhas_altar_4, bloody_makhleb
Temple:   eino_temple_rhombus
Lair:1:   layout_concentric_octagons, evilmike_ambush
          [evilmike_ambush_outer_doors, evilmike_ambush_inner_basic],
          grunt_megastairs_3, lemuel_fruit_fields
Lair:2:   layout_roguey, spider_nest_entry_funnel_web,
          chequers_serial_rivers_room_b, nicolae_lair_grazing_beasts
          [nicolae_sub_lair_graze_edge, nicolae_sub_lair_graze_edge,
          nicolae_sub_lair_graze_edge, nicolae_sub_lair_graze_edge]
Lair:3:   layout_loops_ring, minmay_shoals_entry_centaurs
Lair:4:   layout_big_grid, serial_bayou_shore_a, uniq_urug
Lair:5:   minmay_lair_end_frog_pond, layout_small_grid, slime_entry_1
Shoals:1: layout_shoals, serial_shops, nicolae_shop_waterfront, uniq_louise
Shoals:2: layout_shoals, centaur_isle
Shoals:3: layout_shoals, uniq_polyphemus, uniq_donald
Shoals:4: shoals_end_hellmonk_lost_city
Spider:1: layout_spider_delve
Slime:1:  layout_caves
Slime:2:  layout_caves, cheibrodos_slime_lost_civilization_6
Orc:1:    layout_caves
Orc:2:    grunt_orc_community_town_hall, layout_diamond_mine,
          grunt_orc_community_big_house_2, grunt_orc_community_big_house_2,
          grunt_orc_community_house_3, grunt_orc_community_house_2,
          grunt_orc_community_house_3, grunt_orc_community_house_3,
          gammafunk_ghost_berserking_beasts
Elf:1:    minmay_elf_arrival_circle, layout_rooms, minivault_28, uniq_roxanne,
          uniq_azrael
Elf:2:    elven_hall_of_blades_hangedman_original
          [nicolae_vaults_blade_armed_guards], layout_geoelf_octagon,
          serial_shops, shop, st_stairs_8
Elf:3:    elf_hall, layout_geoelf_grid
Depths:1: layout_gridlike, hell_entry, rand_demon_pan_entry_5, okawaru_trees_2,
          nicolae_integral_box, firewood_loft, uniq_enchantress
Depths:2: hangedman_arrow_trap, layout_basic, hell_entry, abyss_entry_glasseish,
          pan_entry, hex_intersection, grunt_megastairs_5, minmay_shop_grove,
          infiniplex_staircase_zigzag_4, uniq_saint_roka

Skill      XL: |  1  2  3  4  5  6  7  8  9 10 11 12 13 14 15 16 17 18 |
---------------+-------------------------------------------------------+-----
Axes           | 3 4 5 7 8 10 12 13 14 16 18 19 20 21 22 | 22.4
Fighting       | 4 5 6 8 9 10 11 12 13 14 15 16 | 16.6
Armour         | 4 5 6 8 9 10 11 12 13 14 15 16 | 16.7
Shields        | 4 5 6 8 9 10 11 12 13 14 15 16 | 16.6
Invocations    | 1 2 3 4 5 6 7 8 9 10 11 12 13 | 13.8
Dodging        | 1 4 7 8 10 | 10.9

Action                     |  1- 3 |  4- 6 |  7- 9 | 10-12 | 13-15 | 16-18 || total
---------------------------+-------+-------+-------+-------+-------+-------++-------
  Melee: War axe           |    87 |    91 |   283 |    15 |       |       ||   476
         Headbutt          |     9 |    21 |    49 |    61 |   301 |   360 ||   801
         Broad axe         |       |       |       |   286 |  1228 |  1260 ||  2774
 Invoke: Purification      |       |     1 |     2 |     2 |     5 |     9 ||    19
         Heal Self         |       |       |     3 |     1 |    36 |    33 ||    73
         Heal Other        |       |       |       |       |     1 |       ||     1
  Evoke: Wand              |       |       |       |       |    29 |    58 ||    87
         Piece from Xom's  |       |       |       |       |       |     1 ||     1
         Box of beasts     |       |       |       |       |       |     1 ||     1
    Use: Scroll            |     1 |       |     8 |     8 |    17 |    18 ||    52
         Potion            |       |     2 |       |     1 |       |    16 ||    19
   Stab: Invisible         |       |       |       |       |     2 |    15 ||    17
         Petrified         |       |       |       |       |       |     8 ||     8
         Petrifying        |       |       |       |       |       |     1 ||     1
         Distracted        |       |       |       |       |       |     1 ||     1
 Armour: Scale mail        |    39 |    41 |    20 |       |       |       ||   100
         Chain mail        |       |       |    74 |    33 |       |       ||   107
         Plate armour      |       |       |       |    79 |   332 |   433 ||   844
  Dodge: Dodged            |    42 |    39 |   134 |   131 |   484 |   607 ||  1437
  Block: Buckler           |    24 |    15 |    85 |   107 |   682 |   760 ||  1673
         Reflection        |       |       |       |     4 |    40 |   101 ||   145
